 Dungeon Crawl Stone Soup version 0.20.0-4-g10b340a (webtiles) character file.

489176 MDvedh the Slayer (level 24, -3/236 HPs)
             Began as a Hill Orc Monk on May 27, 2017.
             Was the Champion of Beogh.
             Killed from afar by an electric golem (6 damage)
             ... with a bolt of lightning
             ... on level 5 of the Realm of Zot.
             The game lasted 01:58:38 (53559 turns).

MDvedh the Slayer (Hill Orc Monk)                  Turns: 53559, Time: 01:58:39

Health: -3/236     AC: 36    Str: 24 (25) XL:     24   Next: 69%
Magic:  33/33      EV: 13    Int: 10      God:    Beogh [******]
Gold:   3822       SH: 23    Dex:  6      Spells: 23/23 levels left

rFire    + + .     SeeInvis .   y - +9 broad axe (elec)
rCold    + . .     Gourm    .   I - +0 shield {reflect}
rNeg     . . .     Faith    .   v - +4 storm dragon scales
rPois    +         Spirit   .   (no helmet)
rElec    +         Reflect  +   l - +2 cloak
rCorr    +         Harm     .   Y - +2 pair of gloves
MR       ++...                  c - +2 pair of boots
Stlth    ..........             P - brooch of Shielding {Reflect SH+8}
Regen    0.5/turn               T - ring of Boseluo {rCorr rPois rF+ Dex-5 Stlth+}
MPRegen  0.3/turn               p - ring of protection from magic

@: resistant
A: walk on water, icy blue scales 1, clumsy 1, deterioration 1, high mp 1, sense
surroundings 1, poison resistance, wild magic 1
}: 3/15 runes: decaying, slimy, gossamer
a: Smiting, Recall Orcish Followers, Give Item to Named Follower, Resurrection,
Renounce Religion


You were on level 5 of the Realm of Zot.
You worshipped Beogh.
Beogh was exalted by your worship.
You were very full.

You visited 10 branches of the dungeon, and saw 53 of its levels.
You visited the Abyss 1 time.
You also visited: Bailey and Ice Cave.

You collected 5033 gold pieces.
You spent 1211 gold pieces at shops.

Inventory:

Hand Weapons
 a - the +4 broad axe "Giantbane" {freeze, rF+}
   (You found it on level 10 of the Dungeon)

   It has been specially enchanted to freeze those struck by it, causing extra
   injury to most foes and up to half again as much damage against particularly
   susceptible opponents.
   It can also slow down cold-blooded creatures.
   It protects you from fire.
 y - a +9 broad axe of electrocution (weapon)
Armour
 c - a +2 pair of boots (worn)
 l - a +2 cloak (worn)
 n - the +15 Maxwell's patent armour {-Cast -Tele rElec MR+ rCorr}
   (You acquired it on level 6 of the Lair of Beasts)

   It insulates you from electricity.
   It affects your resistance to hostile enchantments.
   It prevents spellcasting.
   It prevents most forms of teleportation.
   It protects you from acid and corrosion.
 q - a +2 helmet
 r - a +2 pair of boots
 v - +4 storm dragon scales (worn)
 I - a +0 shield of reflection (worn)
 R - a +3 plate armour of cold resistance
 Y - a +2 pair of gloves (worn)
Jewellery
 k - an uncursed ring of protection from fire
 p - a ring of protection from magic (right hand)
 w - a +6 ring of evasion
 C - an uncursed ring of protection from cold
 N - the ring of Bodily Harmony {rC+ Int+4 Stlth+}
   (You found it on level 5 of the Pits of Slime)

   [ring of protection from cold]

   It affects your intelligence (+4).
   It protects you from cold.
   It makes you more stealthy.
 P - the brooch of Shielding (around neck) {Reflect SH+8}
   (You found it on level 6 of the Lair of Beasts)

   [amulet of reflection]

   It shields you and reflects attacks.
   It affects your SH (+8).
 T - the ring of Boseluo (left hand) {rCorr rPois rF+ Dex-5 Stlth+}
   (You found it on level 4 of the Swamp)

   [ring of resist corrosion]

   It affects your dexterity (-5).
   It protects you from fire.
   It protects you from poison.
   It makes you more stealthy.
Wands
 B - a wand of digging (6/24)
Scrolls
 d - 19 scrolls of identify
 f - 8 scrolls of enchant weapon
 h - 7 scrolls of recharging
 i - 22 scrolls of remove curse
 o - 7 scrolls of blinking
 u - 11 scrolls of amnesia
 D - 4 scrolls of silence
 F - 6 scrolls of fear
 J - 3 scrolls of fog
 M - 16 scrolls of teleportation
 O - a scroll of magic mapping
 V - 2 scrolls of holy word
Potions
 e - 2 potions of mutation
 s - 2 potions of cancellation
 t - 4 potions of berserk rage
 z - 12 potions of curing
 A - 3 potions of brilliance
 E - a potion of magic
 G - 6 potions of flight
 S - 4 potions of resistance
 W - 2 potions of invisibility
 X - a potion of heal wounds
Comestibles
 g - 7 meat rations
 j - 9 royal jellies
 x - 32 fruits
 H - 11 bread rations


   Skills:
 + Level 23.6 Fighting
 - Level 22.6 Axes
 - Level 19.5 Armour
 - Level 16.3 Dodging
 - Level 1.5 Stealth
 - Level 18.6 Shields
 - Level 10.5 Invocations


You had 23 spell levels left.
You didn't know any spells.

Dungeon Overview and Level Annotations

Branches:
Dungeon (15/15)            Temple (0/1) D:7            Lair (6/6) D:11
  Swamp (4/4) Lair:4       Spider (4/4) Lair:3        Slime (5/5) Lair:6
    Orc (2/2) D:11            Elf (3/3) Orc:2        Vaults (4/5) D:14
  Crypt (0/3) Vaults:3     Depths (5/5) D:15            Zot (5/5) Depths:5

Altars:
Cheibriados
Dithmenos
Fedhas
Gozag
Makhleb
Nemelex Xobeh
Okawaru
Trog
Uskayaw
Vehumet
Yredelemnul
Beogh

Shops:
D:12 [   D:13 [   Orc:2 ![**   Elf:1 :   Elf:2 *   Vaults:4 ?

Portals:
Hell: Depths:1 Depths:2 Depths:3 Depths:4
Abyss: Depths:4
Pandemonium: Depths:2 Depths:3 Depths:4
Ziggurat: Depths:1

Annotations:
D:10 Snorg
Lair:5 exclusion: 2 oklob plants
Spider:1 exclusion: Roxanne, Roxanne


Innate Abilities, Weirdness & Mutations

You can walk on water.
You are partially covered in icy blue scales. (AC +2)
You are clumsy. (Dex -2)
Your body sometimes deteriorates upon taking damage.
You have an increased reservoir of magic. (+10% MP)
You passively map a small area around you.
Your system is resistant to poisons. (rPois)
Your spells are a little harder to cast, but a little more powerful.


Message History

You feel much better.
The orb of fire glows yellow.
The fireball explodes!
The fireball engulfs you! You resist.
* * * LOW HITPOINT WARNING * * *
You hear a chilling moan.
You hear a deafening roar!
Unknown command.
The electric golem hurls lightning at you.
The bolt of lightning hits you! You resist.
* * * LOW HITPOINT WARNING * * *
The bolt of lightning misses you.
Unknown command.
The orb of fire glows yellow.
The bolt of fire hits you! You resist.
* * * LOW HITPOINT WARNING * * *
There is an open door here.
Unknown command.
Unknown command.
The electric golem hurls lightning at you.
The bolt of lightning hits you! You resist.
You die...

#..≈########≈..............
#..≈* #≈..............
#..≈* #≈..............
#..≈* #≈..............
#.,≈* #≈..............
#.,≈########≈....).........
*,,≈≈≈≈≈≈≈≈≈≈..............
*,,≈≈≈≈≈≈≈≈≈≈...........(..
*,,.......@..........⌠.....
**+#########'###'##....,,,,
*,* #.......8...##....,,,,
*,* #.#####*##...'.###***,
*,* *,* #.##..##.*##***,
*,* *,* #.d.*.#*,******,
*,***,** #####.#*,*≈≈≈≈*,
*,,,,,,* #.# #.#*,*≈≈≈≈#.
******,* *#.##.#*,*≈≈≈≈#.


You could see an electric golem.

Vanquished Creatures
  the Royal Jelly (Slime:5)
  An orb of fire (Zot:5)
  3 ancient liches
  A juggernaut (Depths:3)
  Frederick (Vaults:3)
  Xtahua (Vaults:3)
  Saint Roka (Depths:2)
  A caustic shrike (Depths:3)
  Arachne (Spider:2)
  A bone dragon (Depths:5)
  2 tentacled monstrosities
  An electric golem (Zot:2)
  6 Orb Guardians (Zot:5)
  2 deep elf blademasters (Elf:3)
  A titan (Depths:5)
  Asterion (Spider:2)
  2 liches
  23 acid blobs
  2 sphinxes
  A thorn hunter (Swamp:3)
  An Executioner (Abyss:3)
  2 tentacled starspawn (Abyss:3)
  The ghost of George the Fencer, an adept MiFi of Okawaru (Swamp:1)
  Kirke (Lair:5)
  3 storm dragons
  Donald (Elf:1)
  3 tengu reavers
  2 shadow dragons
  3 fire giants
  An azure jelly (shapeshifter) (Depths:3)
  14 azure jellies
  4 iron dragons (Depths:4)
  5 frost giants
  4 deep elf sorcerers
  2 draconian scorchers
  An iron dragon (shapeshifter) (Depths:4)
  5 vault wardens
  4 ghost moths
  4 emperor scorpions
  2 deep elf elementalists (Elf:3)
  9 very ugly things
  A draconian stormcaller (Zot:5)
  7 stone giants
  2 war gargoyles (Depths:4)
  7 ironheart preservers
  A spriggan defender (Depths:3)
  2 draconian annihilators
  2 entropy weavers
  A deep elf demonologist (Elf:1)
  A vampire knight (Vaults:3)
  6 spark wasps
  6 black draconians
  3 green draconians
  4 deep elf annihilators
  5 yellow draconians
  2 lorocyprocas (Depths:4)
  A purple draconian (Zot:5)
  A red draconian (Depths:5)
  A green death (Swamp:4)
  9 death oozes
  A deep elf death mage (Elf:1)
  7 ettins
  A fire dragon (Depths:2)
  A deep elf high priest (Elf:3)
  12 hydras
  5 great orbs of eyes
  6 yaktaur captains
  A rakshasa (Depths:4)
  3 vault guards
  3 ice dragons
  A hell beast (Depths:2)
  3 ghost crabs
  2 death knights
  13 dancing weapons
  4 alligators
  3 deep troll shamans
  9 centaur warriors
  16 two-headed ogres
  A tengu warrior (Depths:1)
  4 ogre magi
  3 hell hogs (Abyss:3)
  Urug (D:14)
  A spriggan berserker (Depths:3)
  4 orc high priests
  6 deep troll earth magi
  2 vampire magi
  8 deep elf knights
  A wretched star (Abyss:3)
  7 skeletal warriors
  2 shadow wraiths (Vaults:4)
  A fire crab (shapeshifter) (Depths:4)
  A salamander mystic (Depths:2)
  An unseen horror (shapeshifter) (D:14)
  9 hell knights
  A sea snake (shapeshifter) (Depths:5)
  4 wizards
  The ghost of Avack the Cleaver, a novice HOFE of Yredelemnul (D:7)
  12 deep trolls
  2 lindwurms (shapeshifter)
  3 flayed ghosts
  2 swamp dragons
  A torturous demonspawn (Depths:3)
  A shambling mangrove (Swamp:2)
  4 unseen horrors
  3 ironbrand convokers
  4 necromancers
  A harpy (D:13)
  8 deep elf archers
  27 deep elf magi
  6 orb spiders
  23 ugly things
  5 wolf spiders
  6 cyclopes
  3 manticores (D:12)
  2 orc sorcerers (Orc:2)
  3 orc knights
  5 shining eyes
  3 salamanders (Depths:2)
  4 moths of wrath
  4 elephants
  3 black mambas
  A torpor snail (Spider:4)
  A guardian serpent (Abyss:3)
  A rust devil (Depths:2)
  A smoke demon (Abyss:3)
  A fire giant skeleton (Depths:3)
  8 vault sentinels
  2 eyes of devastation
  A spectral swamp worm (Depths:1)
  11 spiny frogs
  2 orange demons
  2 centaur skeletons
  An ice statue (IceCv)
  A kobold demonologist (Bailey)
  29 yaktaurs
  4 freezing wraiths
  3 demonic crawlers (Spider:4)
  4 rime drakes (D:10)
  4 ice devils (IceCv)
  7 komodo dragons
  3 anaconda simulacra (IceCv)
  A golden dragon simulacrum (IceCv)
  3 tengu conjurers
  6 polar bears
  3 trolls
  5 jumping spiders
  A wolf spider simulacrum (IceCv)
  12 hornets
  Prince Ribbit (D:9)
  3 tyrant leeches
  A raiju (shapeshifter) (Abyss:3)
  2 blink frogs (Lair:3)
  A fire dragon zombie (D:15)
  9 bog bodies
  An ice dragon zombie (D:15)
  6 raiju (Abyss:3)
  68 slime creatures
  A dream sheep (Lair:6)
  A blink frog (shapeshifter) (Vaults:2)
  A small abomination (Abyss:3)
  5 hippogriffs
  41 redbacks
  A wraith (D:13)
  11 tarantellas
  3 air elementals
  3 ynoxinuls
  4 shadows (Swamp:4)
  2 hogs (Lair:5)
  9 spriggans
  A vampire (D:11)
  Grum (D:8)
  A basilisk (Lair:2)
  A water elemental (Elf:2)
  2 wyverns (D:13)
  14 vampire mosquitoes
  A death yak simulacrum (IceCv)
  4 golden eyes (Slime:5)
  32 yaks
  2 fire elementals
  A hog (shapeshifter) (Vaults:1)
  14 humans
  2 hungry ghosts
  A steam dragon (D:11)
  A naga (Abyss:3)
  4 large abominations
  2 iron troll simulacra (IceCv)
  A warg (shapeshifter) (Depths:4)
  A warg (Vaults:2)
  12 swamp worms
  9 insubstantial wisps
  An acid dragon (Vaults:2)
  9 water moccasins
  A soldier ant (D:14)
  2 floating eyes
  4 porcupines
  14 orc warriors
  A phantom (D:4)
  5 swamp drakes
  5 sky beasts
  5 black bears
  4 ice beasts
  3 ettin simulacra (IceCv)
  8 eyes of draining
  24 ogres
  8 boggarts
  7 centaurs
  A human skeleton (Vaults:2)
  19 wolves
  10 crocodiles
  2 big kobolds
  Blork the orc (D:5)
  15 bullfrogs
  A wyvern skeleton (D:6)
  5 scorpions
  A wight (D:13)
  19 killer bees
  3 electric eels
  5 howler monkeys
  6 crimson imps
  2 centaur zombies
  2 draconian simulacra (IceCv)
  14 starcursed masses (Abyss:3)
  A bullfrog zombie (D:8)
  5 jellies
  8 orc wizards
  7 orc priests
  6 hounds
  2 bullfrog skeletons
  Jessica (D:2)
  4 iguanas
  A polar bear simulacrum (IceCv)
  8 worker ants
  Terence (D:2)
  2 spriggan simulacra (IceCv)
  8 centaur simulacra (IceCv)
  A hound zombie (D:8)
  2 hound skeletons
  9 gnolls
  A howler monkey skeleton (D:4)
  9 adders
  2 ogre simulacra (IceCv)
  2 shadow imps
  4 white imps (IceCv)
  An ufetubus (IceCv)
  An ooze (D:4)
  An adder zombie (D:6)
  An adder skeleton (D:6)
  A worm (D:2)
  4 dart slugs
  5 leopard geckos
  26 orcs
  5 giant cockroaches
  14 goblins
  14 hobgoblins
  6 jackals
  6 quokkas
  7 bats
  11 frilled lizards
  24 kobolds
  A quokka zombie (D:6)
  10 rats
  A crawling corpse (Elf:3)
  3 fungi
  3 plants
  2 starspawn tentacles (Abyss:3)
  A withered plant (D:15)
1309 creatures vanquished.

Vanquished Creatures (collateral kills)
  A caustic shrike (shapeshifter) (Depths:4)
  2 caustic shrikes (Depths:3)
  Jorgrun (Spider:2)
  2 liches
  Rupert (D:13)
  A tentacled monstrosity (Swamp:4)
  2 titans (Depths:3)
  An acid blob (Slime:2)
  2 sphinxes (Depths:3)
  2 tengu reavers
  A shadow dragon (shapeshifter) (Depths:4)
  A thorn hunter (Swamp:2)
  A shadow dragon (Depths:4)
  An azure jelly (Slime:5)
  3 storm dragons
  4 frost giants
  A deep elf sorcerer (Elf:2)
  7 fire giants
  5 vault wardens
  A draconian shifter (Depths:5)
  2 iron dragons (Depths:4)
  A ghoul (Vaults:3)
  2 spriggan defenders (Depths:3)
  A war gargoyle (Depths:4)
  5 very ugly things
  2 ironheart preservers
  2 entropy weavers
  9 stone giants
  3 vampire knights
  A deep elf demonologist (Vaults:3)
  2 spark wasps
  A yellow draconian (Depths:5)
  A white draconian (Depths:4)
  A purple draconian (Depths:5)
  A dire elephant (shapeshifter) (Depths:4)
  3 ettins
  A green death (Swamp:4)
  2 deep elf death magi
  A crystal guardian (Depths:4)
  2 fire dragons
  A death ooze (Slime:5)
  2 yaktaur captains
  Josephine (D:13)
  2 vault guards
  12 ice dragons
  2 great orbs of eyes
  2 centaur warriors (D:14)
  7 hydras
  3 rakshasas
  4 ogre magi
  A spriggan air mage (Depths:4)
  An alligator (Swamp:2)
  15 two-headed ogres
  A deep troll shaman (Depths:1)
  7 deep troll earth magi
  22 dancing weapons
  A vampire mage (D:15)
  An orc high priest (Orc:2)
  4 spriggan berserkers
  10 deep elf knights
  11 spriggans
  A sun demon (Depths:2)
  6 hell knights
  2 iron trolls
  6 skeletal warriors
  A deep troll (shapeshifter) (D:13)
  A golden dragon zombie (Depths:3)
  A sixfirhy (Depths:3)
  A storm dragon skeleton (Depths:3)
  A wizard (D:15)
  An orange crystal statue (Depths:2)
  4 unseen horrors
  18 deep trolls
  2 glowing orange brains
  3 deep elf archers
  2 spriggan druids (Swamp:3)
  4 ironbrand convokers
  3 necromancers
  2 phantasmal warriors
  A shambling mangrove (Swamp:2)
  A golden dragon skeleton (D:15)
  3 orc knights
  4 harpies (Vaults:2)
  A wolf spider zombie (D:15)
  2 swamp dragons (Swamp:4)
  A harpy (shapeshifter) (Vaults:3)
  7 orb spiders
  13 ugly things
  3 orc sorcerers
  11 wolf spiders
  3 cyclopes
  33 deep elf magi
  A salamander (shapeshifter) (Depths:3)
  A cyclops (shapeshifter) (Depths:1)
  2 manticores
  4 elephants
  A moth of wrath (Spider:2)
  A large abomination (Swamp:4)
  A stone giant skeleton (Depths:1)
  5 vault sentinels
  4 spectral swamp worms (Depths:1)
  3 spiny frogs
  2 naga magi (Depths:4)
  2 komodo dragons (D:12)
  2 storm dragon simulacra
  An orange demon (Depths:3)
  A yaktaur zombie (Vaults:2)
  A komodo dragon (shapeshifter) (Vaults:2)
  7 demonic crawlers
  A kobold demonologist (D:13)
  4 freezing wraiths
  A rime drake (Lair:5)
  18 yaktaurs
  A guardian mummy (D:15)
  A tengu conjurer (D:13)
  4 trolls
  A meliai (shapeshifter) (Vaults:3)
  4 polar bears
  9 jumping spiders
  10 hornets
  2 tyrant leeches
  A dream sheep (Lair:6)
  2 bog bodies
  An ice dragon zombie (D:15)
  A blink frog (Lair:3)
  3 hippogriffs
  23 slime creatures
  18 redbacks
  A vampire (D:14)
  12 tarantellas
  2 tarantellas (shapeshifter)
  8 yaks
  An orc simulacrum (Vaults:2)
  2 air elementals
  A deep troll skeleton (Depths:1)
  2 wyverns
  5 humans (D:14)
  4 wraiths
  A basilisk (shapeshifter) (Vaults:1)
  2 basilisks
  2 hungry ghosts
  15 vampire mosquitoes
  6 swamp worms
  2 insubstantial wisps (Swamp:2)
  3 wargs
  An acid dragon (D:12)
  A water moccasin (shapeshifter) (D:13)
  A water moccasin (Lair:5)
  A porcupine (Lair:4)
  9 orc warriors
  A sky beast (D:15)
  2 swamp drakes
  A hornet zombie (D:15)
  3 eyes of draining
  A floating eye (Depths:3)
  A black bear (Lair:6)
  4 boggarts (Depths:1)
  An eye of draining (shapeshifter) (Vaults:4)
  10 ogres
  11 wolves
  5 centaurs
  A crocodile (Lair:3)
  A crocodile (shapeshifter) (D:13)
  A big kobold (D:13)
  5 bullfrogs
  An electric eel (Lair:2)
  3 howler monkeys (D:13)
  7 orc priests
  3 jellies
  4 orc wizards
  An iguana (D:12)
  A worker ant (D:12)
  A troll simulacrum (IceCv)
  2 adders (D:12)
  4 orcs (Orc:2)
  3 kobolds (D:13)
  5 briar patches
  A fire vortex (D:14)
  11 fungi
  11 plants
  5 withered plants (D:15)
672 creatures vanquished.

Vanquished Creatures (others)
  3 deep elf master archers
  4 orc warlords
  An entropy weaver (Spider:2)
  A blizzard demon (Depths:3)
  2 yaktaur captains (Depths:1)
  An ice dragon (Vaults:2)
  A centaur warrior (Vaults:1)
  A deep elf knight (Elf:2)
  A deep elf archer (Elf:1)
  26 orc knights
  A deep elf mage (Elf:2)
  2 wolf spiders
  An ugly thing (Vaults:1)
  3 orc sorcerers
  A slime creature (Swamp:3)
  2 cyclopes
  A moth of wrath (Zot:5)
  9 yaktaurs
  26 orc warriors
  A swamp drake (Swamp:4)
  8 centaurs
  25 orc priests
  15 orc wizards
  An ufetubus (IceCv)
  69 orcs
  16 fungi
  5 plants
  2 starspawn tentacles (Abyss:3)
229 creatures vanquished.

Grand Total: 2210 creatures vanquished

Notes
Turn   | Place    | Note
-------+----------+-------------------------------------------
     0 | D:1      | MDvedh the Hill Orc Monk began the quest for the Orb.
     0 | D:1      | Reached XP level 1. HP: 19/19 MP: 1/1
   333 | D:1      | Reached XP level 2. HP: 23/26 MP: 2/2
   482 | D:1      | Reached skill level 5 in Axes
   676 | D:1      | Reached XP level 3. HP: 29/31 MP: 3/3
  1948 | D:2      | Noticed Terence
  1967 | D:2      | Killed Terence
  1967 | D:2      | Reached XP level 4. HP: 39/39 MP: 4/4
  2256 | D:2      | Noticed Jessica
  2264 | D:2      | Killed Jessica
  2264 | D:2      | Reached XP level 5. HP: 22/45 MP: 5/5
  2995 | D:4      | Reached XP level 6. HP: 45/51 MP: 6/6
  3029 | D:4      | Found a blossoming altar of Fedhas.
  3133 | D:4      | Reached skill level 10 in Axes
  3133 | D:4      | Reached XP level 7. HP: 34/57 MP: 7/7
  3664 | D:5      | Entered Level 5 of the Dungeon
  3664 | D:5      | Noticed a hungry ghost
  3676 | D:5      | Killed a hungry ghost
  3685 | D:5      | Reached XP level 8. HP: 59/64 MP: 8/8
  3859 | D:5      | Noticed Blork the orc
  3871 | D:5      | Killed Blork the orc
  4828 | D:6      | Found a burning altar of Makhleb.
  4962 | D:7      | Noticed Avack's ghost (novice HOFE)
  5125 | D:7      | Reached XP level 9. HP: 66/70 MP: 9/9
  5138 | D:7      | Found a staircase to the Ecumenical Temple.
  5255 | D:7      | Killed Avack's ghost
  5255 | D:7      | Reached skill level 15 in Axes
  5685 | D:7      | Found a snail-covered altar of Cheibriados.
  5689 | D:7      | Found an opulent altar of Gozag.
  5689 | D:7      | Found a basalt altar of Yredelemnul.
  5727 | D:8      | Noticed a two-headed ogre
  5738 | D:8      | Killed a two-headed ogre
  5807 | D:8      | Noticed a two-headed ogre
  5822 | D:8      | Killed a two-headed ogre
  5822 | D:8      | Reached skill level 5 in Fighting
  5822 | D:8      | Reached XP level 10. HP: 57/81 MP: 10/10
  5948 | D:8      | Reached skill level 6 in Fighting
  6074 | D:8      | Found an iron altar of Okawaru.
  6081 | D:8      | Found a radiant altar of Vehumet.
  6081 | D:8      | Found a hide-covered altar of Uskayaw.
  6097 | D:8      | Found a bloodstained altar of Trog.
  6252 | D:8      | Found a sparkling altar of Nemelex Xobeh.
  6298 | D:8      | Noticed a two-headed ogre
  6307 | D:8      | Killed a two-headed ogre
  6307 | D:8      | Reached skill level 7 in Fighting
  6307 | D:8      | Reached skill level 5 in Armour
  6312 | D:8      | Noticed Grum
  6340 | D:8      | Killed Grum
  6479 | D:8      | Reached skill level 5 in Dodging
  6860 | D:9      | Reached XP level 11. HP: 91/94 MP: 11/11
  6860 | D:9      | Reached skill level 8 in Fighting
  6870 | D:9      | Noticed Prince Ribbit
  6876 | D:9      | Killed Prince Ribbit
  7601 | D:10     | Entered Level 10 of the Dungeon
  7759 | D:10     | Noticed Snorg
  7955 | D:10     | Found a flagged portal.
  7974 | Bailey   | Entered a bailey
  8018 | Bailey   | Found an iron altar of Okawaru.
  8018 | Bailey   | Noticed an orc high priest
  8019 | Bailey   | Noticed an orc knight
  8019 | Bailey   | Became a worshipper of Beogh the Brigand
  8019 | Bailey   | Reached * piety under Beogh
  8019 | Bailey   | Reached ** piety under Beogh
  8093 | Bailey   | Reached skill level 9 in Fighting
  8103 | Bailey   | Killed an orc knight
  8284 | D:10     | Noticed an ice dragon
  8298 | D:10     | Killed an ice dragon
  8313 | D:10     | Got the broad axe "Giantbane" {freeze}
  8314 | D:10     | Identified the +4 broad axe "Giantbane" {freeze, rF+} (You found it on level 10 of the Dungeon)
  8864 | D:11     | Gained mutation: You possess an exceptional clarity of mind. [mutagenic meat]
  8865 | D:11     | Gained mutation: Potions are less effective at restoring your health. [mutagenic meat]
  8866 | D:11     | Gained mutation: You are agile. (Dex +2) [mutagenic meat]
  8867 | D:11     | Lost mutation: You possess an exceptional clarity of mind. [mutagenic meat]
  8868 | D:11     | Gained mutation: You possess an exceptional clarity of mind. [mutagenic meat]
  8869 | D:11     | Gained mutation: You are very agile. (Dex +4) [mutagenic meat]
  9014 | D:11     | Reached skill level 1 in Invocations
  9345 | D:11     | Reached *** piety under Beogh
  9366 | D:11     | Found a staircase to the Lair.
  9428 | D:11     | Noticed a cyclops
  9438 | D:11     | Killed a cyclops
  9459 | D:11     | Killed an unseen horror
  9464 | D:11     | Reached XP level 12. HP: 106/106 MP: 13/13
  9552 | D:11     | Found a staircase to the Orcish Mines.
  9700 | Lair:1   | Entered Level 1 of the Lair of Beasts
 10001 | Lair:1   | Reached skill level 10 in Fighting
 10131 | Lair:1   | Gained Bogrim as an ally
 10633 | Lair:2   | Reached **** piety under Beogh
 10786 | Lair:2   | Noticed an eight-headed hydra
 10797 | Lair:2   | Killed a two-headed hydra
 10797 | Lair:2   | Reached skill level 1 in Shields
 10805 | Lair:2   | Reached skill level 5 in Invocations
 11351 | Lair:2   | Gained Oruk as an ally
 11395 | Lair:3   | Your ally Bogrim died
 11573 | Lair:3   | Noticed a four-headed hydra
 11581 | Lair:3   | Killed a one-headed hydra
 11695 | Lair:3   | Found a hole to the Spider Nest.
 11989 | Lair:3   | Noticed a four-headed hydra
 11994 | Lair:3   | Killed a one-headed hydra
 12006 | Lair:3   | Noticed a seven-headed hydra
 12015 | Lair:3   | Killed a six-headed hydra
 12387 | Lair:4   | Reached XP level 13. HP: 114/114 MP: 14/17
 12508 | Lair:4   | Found a staircase to the Swamp.
 12807 | Lair:4   | Gained Boruk as an ally
 13276 | Lair:5   | Noticed Kirke
 13290 | Lair:5   | Killed Kirke
 13290 | Lair:5   | Reached skill level 11 in Fighting
 13507 | Lair:5   | Reached ***** piety under Beogh
 13930 | Lair:5   | Gained Bogbrand as an ally
 14077 | Lair:6   | Entered Level 6 of the Lair of Beasts
 14094 | Lair:6   | Found a staircase to the Slime Pits.
 14442 | Lair:6   | Reached skill level 5 in Shields
 14582 | Lair:6   | Reached skill level 10 in Armour
 14659 | Lair:6   | Reached XP level 14. HP: 115/124 MP: 20/20
 15190 | Lair:6   | Identified a scroll of acquirement
 15563 | Orc:1    | Entered Level 1 of the Orcish Mines
 15630 | Orc:1    | Found a roughly hewn altar of Beogh.
 15915 | Orc:2    | Entered Level 2 of the Orcish Mines
 16155 | Orc:2    | Noticed a stone giant
 16170 | Orc:2    | Killed a stone giant
 16170 | Orc:2    | Gained Bogfrid as an ally
 16384 | Orc:2    | Found a staircase to the Elven Halls.
 16529 | Orc:2    | Noticed an orc warlord
 16530 | Orc:2    | Found a roughly hewn altar of Beogh.
 16649 | Orc:2    | Found Miuklub's Distillery.
 16653 | Orc:2    | Reached ****** piety under Beogh
 16670 | Orc:2    | Bought a potion of curing for 48 gold pieces
 16670 | Orc:2    | Bought a potion of might for 64 gold pieces
 16670 | Orc:2    | Bought 2 potions of curing for 96 gold pieces
 16670 | Orc:2    | Bought a potion of curing for 48 gold pieces
 16689 | Orc:2    | Gained Borgun as an ally
 16746 | Orc:2    | Found Roucuku's Armour Emporium.
 16752 | Orc:2    | Reached skill level 12 in Fighting
 16759 | Orc:2    | Gained Ortolf as an ally
 17022 | Orc:2    | Found Roshianta's General Store.
 17034 | Orc:2    | Bought a scroll of identify for 34 gold pieces
 17047 | Orc:2    | Found a roughly hewn altar of Beogh.
 17116 | Orc:2    | Found Yraogatu's General Store.
 17124 | Orc:2    | Bought a potion of curing for 51 gold pieces
 17468 | D:12     | Found Jafetudy's Armour Emporium.
 17642 | D:12     | Your ally Borgun died
 18101 | D:13     | Noticed Rupert
 18102 | D:13     | Paralysed by Rupert for 7 turns
 18114 | D:13     | Killed Rupert
 18121 | D:13     | Killed Josephine
 18407 | D:13     | Found Neaxzun's Antique Armour Shoppe.
 18410 | D:13     | Bought a slimy chain mail for 209 gold pieces
 18410 | D:13     | Identified the +4 chain mail of Goavoh {Stlth+} (You bought it in a shop on level 13 of the Dungeon)
 18487 | D:13     | Reached XP level 15. HP: 125/134 MP: 20/22
 18561 | D:13     | Reached skill level 10 in Invocations
 19179 | D:14     | Noticed Urug
 19194 | D:14     | Killed Urug
 19513 | D:14     | Found a gate to the Vaults.
 19517 | D:14     | Reached skill level 13 in Fighting
 20156 | D:15     | Entered Level 15 of the Dungeon
 20175 | D:15     | Gained mutation: You can translocate small distances at will. [mutagenic meat]
 20176 | D:15     | Gained mutation: Your spells are a little easier to cast, but a little less powerful. [mutagenic meat]
 20177 | D:15     | Found a shadowy altar of Dithmenos.
 20305 | D:15     | Found a staircase to the Depths.
 20460 | D:15     | Reached skill level 10 in Shields
 20497 | D:15     | Reached skill level 10 in Dodging
 21209 | Swamp:1  | Entered Level 1 of the Swamp
 21219 | Swamp:1  | Noticed George's ghost (adept MiFi)
 21241 | Swamp:1  | Killed George's ghost
 21241 | Swamp:1  | Gained Berold as an ally
 21277 | Swamp:1  | Your ally Bogfrid died
 21371 | Swamp:1  | Gained Brunolf as an ally
 21901 | Swamp:2  | Found a blossoming altar of Fedhas.
 22067 | Swamp:2  | Reached XP level 16. HP: 143/143 MP: 23/23
 22157 | Swamp:2  | Your ally Boruk died
 22158 | Swamp:2  | Killed a thorn hunter
 22410 | Swamp:3  | Noticed a thorn hunter
 22423 | Swamp:3  | Killed a thorn hunter
 22423 | Swamp:3  | Reached skill level 14 in Fighting
 22930 | Swamp:3  | Gained Rocco as an ally
 22979 | Swamp:4  | Entered Level 4 of the Swamp
 23061 | Swamp:4  | Found a frozen archway.
 23076 | IceCv    | Entered an ice cave
 24070 | IceCv    | Noticed an Ice Fiend
 24273 | Swamp:4  | Got a translucent ivory ring
 24315 | Swamp:4  | Gained Thorok as an ally
 24491 | Swamp:4  | Reached skill level 15 in Fighting
 24526 | Swamp:4  | Reached XP level 17. HP: 100/154 MP: 24/24
 24528 | Swamp:4  | Noticed a tentacled monstrosity
 24542 | Swamp:4  | Killed a tentacled monstrosity
 24563 | Swamp:4  | Your ally Oruk died
 24581 | Swamp:4  | Got a decaying rune of Zot
 25001 | Spider:1 | Entered Level 1 of the Spider Nest
 25011 | Spider:1 | Gained Jorge as an ally
 25079 | Spider:2 | Gained Bogward as an ally
 25136 | Spider:2 | Your ally Ortolf died
 25214 | Spider:2 | Noticed Arachne
 25215 | Spider:2 | Noticed Jorgrun
 25225 | Spider:2 | Your ally Brunolf died
 25225 | Spider:2 | Your ally Bogward died
 25234 | Spider:2 | Your ally Bogbrand died
 25235 | Spider:2 | Killed Jorgrun
 25238 | Spider:2 | Your ally Jorge died
 25239 | Spider:2 | Your ally Berold died
 25400 | Spider:2 | Noticed Asterion
 25425 | Spider:2 | Noticed an Executioner
 25427 | Spider:2 | Killed Asterion
 25476 | Spider:2 | Killed Arachne
 25567 | Spider:3 | Your ally Thorok died
 25579 | Spider:1 | Noticed Roxanne
 26008 | Spider:3 | Identified the ring of Boseluo {rCorr rPois rF+ Dex-5 Stlth+} (You found it on level 4 of the Swamp)
 26022 | Spider:4 | Entered Level 4 of the Spider Nest
 26712 | Spider:4 | Reached skill level 16 in Fighting
 27098 | Vaults:1 | Entered Level 1 of the Vaults
 27297 | Vaults:1 | Reached XP level 18. HP: 138/166 MP: 25/25
 28622 | Vaults:2 | Reached skill level 15 in Armour
 29126 | Vaults:2 | Gained Ognian as an ally
 29134 | Vaults:2 | Reached skill level 17 in Fighting
 29892 | Vaults:3 | Reached XP level 19. HP: 177/177 MP: 26/26
 30037 | Vaults:3 | Noticed Xtahua
 30047 | Vaults:3 | Killed Xtahua
 30665 | Vaults:3 | Noticed Frederick
 30676 | Vaults:3 | Killed Frederick
 30895 | Vaults:3 | Found a staircase to the Crypt.
 31259 | Vaults:4 | Found Neofoz's Magic Scroll Emporium.
 31406 | Vaults:4 | Reached skill level 15 in Shields
 31830 | Vaults:4 | Reached skill level 18 in Fighting
 31854 | Vaults:4 | Gained Bogrim as an ally
 31997 | Vaults:4 | Bought a scroll of teleportation for 66 gold pieces
 31997 | Vaults:4 | Bought a scroll of enchant armour for 165 gold pieces
 33152 | Elf:1    | Entered Level 1 of the Elven Halls
 33248 | Elf:1    | Got a steaming chain mail
 33249 | Elf:1    | Identified the +3 chain mail "Zamuwk" {Dex+5} (You found it on level 1 of the Elven Halls)
 33299 | Elf:1    | Gained Harm as an ally
 33432 | Elf:1    | Found Rema's Book Shop.
 33467 | Elf:1    | Reached XP level 20. HP: 163/188 MP: 27/27
 33531 | Elf:1    | Identified the Incunabulum of Slavery
 33816 | Elf:1    | Noticed Donald
 33826 | Elf:1    | Killed Donald
 34176 | Elf:2    | Found Bucipt's Assorted Antiques.
 34183 | Elf:2    | Bought a potion of resistance for 430 gold pieces
 34482 | Elf:2    | Found a huge runed gate.
 34482 | Elf:2    | Found a huge runed gate.
 34483 | Elf:2    | Found a huge runed gate.
 34483 | Elf:2    | Found a huge runed gate.
 34483 | Elf:2    | Found a huge runed gate.
 35266 | Elf:2    | Your ally Harm died
 35592 | Depths:1 | Entered Level 1 of the Depths
 35592 | Depths:1 | Found a gateway to a ziggurat.
 35916 | Depths:1 | Found a gateway to Hell.
 36332 | Depths:1 | Reached skill level 19 in Fighting
 36791 | Depths:2 | Reached XP level 21. HP: 166/198 MP: 28/28
 36991 | Depths:2 | Paralysed by a vampire knight for 5 turns
 37450 | Depths:2 | Noticed Saint Roka
 37477 | Depths:2 | Killed Saint Roka
 37925 | Depths:2 | Found a one-way gate leading to the halls of Pandemonium.
 38465 | Depths:3 | Noticed a juggernaut
 38473 | Depths:3 | Paralysed by a floating eye for 4 turns
 38483 | Depths:3 | Your ally Ognian died
 39063 | Depths:3 | Killed a juggernaut
 39142 | Depths:3 | Cast into level 3 of the Abyss (spriggan defender)
 39334 | Abyss:3  | Paralysed by accursed screaming for 1 turns
 39339 | Abyss:3  | Paralysed by accursed screaming for 1 turns
 39358 | Abyss:3  | Gained Morbeogh as an ally
 39368 | Abyss:3  | Reached skill level 15 in Dodging
 39403 | Abyss:3  | Your ally Morbeogh died
 39410 | Depths:3 | Escaped the Abyss
 39650 | Depths:3 | Noticed a caustic shrike
 39656 | Depths:3 | Killed a caustic shrike
 39847 | Depths:3 | Noticed a caustic shrike
 39854 | Depths:3 | Killed a caustic shrike
 39868 | Depths:3 | Noticed a caustic shrike
 39898 | Depths:3 | Killed a caustic shrike
 39915 | Depths:3 | Reached XP level 22. HP: 81/209 MP: 29/29
 40297 | Depths:3 | Noticed an ancient lich
 40316 | Depths:3 | Killed an ancient lich
 40849 | Depths:3 | Reached skill level 20 in Fighting
 42130 | Depths:4 | Found a one-way gate to the infinite horrors of the Abyss.
 42282 | Depths:4 | Noticed a caustic shrike
 42282 | Depths:4 | an iron dragon changed into a caustic shrike
 42286 | Depths:4 | Your ally Rocco died
 42293 | Depths:4 | Killed a caustic shrike
 44302 | Depths:5 | Entered Level 5 of the Depths
 44783 | Depths:5 | Reached XP level 23. HP: 186/217 MP: 30/30
 44939 | Depths:5 | Got an opal-encrusted chain mail
 44940 | Depths:5 | Identified the cursed +1 chain mail "Lawupt" {MP+9 Dex+4} (You found it on level 5 of the Depths)
 45044 | Depths:5 | Found a gate to the Realm of Zot.
 45068 | Depths:5 | Paralysed by a floating eye for 2 turns
 45697 | Slime:1  | Entered Level 1 of the Pits of Slime
 45813 | Slime:4  | Gained mutation: You are weak. (Str -2) [a shining eye]
 45830 | Slime:4  | Gained Ugrim as an ally
 45834 | Slime:4  | Lost mutation: Potions are less effective at restoring your health. [a shining eye]
 45849 | Slime:5  | Entered Level 5 of the Pits of Slime
 45866 | Slime:5  | Gained mutation: You are dopey. (Int -2) [a shining eye]
 45870 | Slime:5  | Gained mutation: You occasionally shout uncontrollably at your foes. [a shining eye]
 45873 | Slime:5  | Gained mutation: You are very weak. (Str -4) [a shining eye]
 45874 | Slime:5  | Your ally Ugrim died
 46179 | Slime:5  | Noticed the Royal Jelly
 46184 | Slime:5  | Gained mutation: You are frail. (-10% HP) [a shining eye]
 47337 | Slime:4  | Reached skill level 21 in Fighting
 47541 | Slime:5  | Your ally Bogrim died
 47545 | Slime:5  | Killed the Royal Jelly
 48036 | Slime:5  | Got a slimy rune of Zot
 48051 | Slime:5  | Got a translucent pewter ring
 48072 | Slime:5  | Identified the ring of Bodily Harmony {rC+ Int+4 Stlth+} (You found it on level 5 of the Pits of Slime)
 48516 | Elf:3    | Entered Level 3 of the Elven Halls
 48589 | Elf:3    | Gained Borgoth as an ally
 49024 | Elf:3    | Your ally Borgoth died
 49750 | Depths:5 | Reached XP level 24. HP: 203/205 MP: 30/30
 50996 | Spider:4 | Got a gossamer rune of Zot
 51454 | Zot:1    | Entered Level 1 of the Realm of Zot
 51539 | Zot:2    | Gained Ugrim as an ally
 51810 | Zot:2    | Your ally Ugrim died
 51817 | Zot:2    | Reached skill level 22 in Fighting
 52165 | Zot:2    | Lost mutation: You are dopey. (Int -2) [potion of mutation]
 52165 | Zot:2    | Lost mutation: Your spells are a little easier to cast, but a little less powerful. [potion of mutation]
 52165 | Zot:2    | Lost mutation: You occasionally shout uncontrollably at your foes. [potion of mutation]
 52165 | Zot:2    | Gained mutation: You have a pair of small horns on your head. [potion of mutation]
 52165 | Zot:2    | Gained mutation: You have an increased reservoir of magic. (+10% MP) [potion of mutation]
 52166 | Zot:2    | Lost mutation: You can translocate small distances at will. [potion of mutation]
 52166 | Zot:2    | Lost mutation: You are very agile. (Dex +4) [potion of mutation]
 52166 | Zot:2    | Lost mutation: You are agile. (Dex +2) [potion of mutation]
 52166 | Zot:2    | Gained mutation: You are partially covered in icy blue scales. (AC +2) [potion of mutation]
 52166 | Zot:2    | Lost mutation: You have a pair of small horns on your head. [potion of mutation]
 52166 | Zot:2    | Gained mutation: You passively map a small area around you. [potion of mutation]
 52167 | Zot:2    | Lost mutation: You are very weak. (Str -4) [potion of mutation]
 52167 | Zot:2    | Lost mutation: You possess an exceptional clarity of mind. [potion of mutation]
 52167 | Zot:2    | Gained mutation: You are partially covered in rugged brown scales. (AC +1, +3% HP) [potion of mutation]
 52167 | Zot:2    | Gained mutation: You are clumsy. (Dex -2) [potion of mutation]
 52167 | Zot:2    | Gained mutation: Your flesh is heat resistant. (rF+) [potion of mutation]
 52168 | Zot:2    | Lost mutation: You are clumsy. (Dex -2) [potion of mutation]
 52168 | Zot:2    | Lost mutation: You are weak. (Str -2) [potion of mutation]
 52168 | Zot:2    | Lost mutation: You are partially covered in rugged brown scales. (AC +1, +3% HP) [potion of mutation]
 52168 | Zot:2    | Lost mutation: You are frail. (-10% HP) [potion of mutation]
 52168 | Zot:2    | Gained mutation: Your spells are a little harder to cast, but a little more powerful. [potion of mutation]
 52168 | Zot:2    | Lost mutation: Your flesh is heat resistant. (rF+) [potion of mutation]
 52168 | Zot:2    | Gained mutation: Your body sometimes deteriorates upon taking damage. [potion of mutation]
 52168 | Zot:2    | Gained mutation: Your system is resistant to poisons. (rPois) [potion of mutation]
 52692 | Zot:5    | Entered Level 5 of the Realm of Zot
 53312 | Zot:5    | Noticed an ancient lich
 53327 | Zot:5    | Killed an ancient lich
 53327 | Zot:5    | Reached skill level 23 in Fighting
 53476 | Zot:5    | Noticed an ancient lich
 53477 | Zot:5    | Noticed an orb of fire
 53480 | Zot:5    | Noticed an orb of fire
 53494 | Zot:5    | Killed an ancient lich
 53494 | Zot:5    | Gained Hawl as an ally
 53496 | Zot:5    | Noticed a Killer Klown
 53499 | Zot:5    | Your ally Hawl died
 53513 | Zot:5    | Killed an orb of fire
 53526 | Zot:5    | Gained mutation: You are clumsy. (Dex -2) [an orb of fire]
 53557 | Zot:5    | HP: 2/236 [orb of fire/bolt of fire (22)]
 53559 | Zot:5    | Killed from afar by an electric golem

Skill      XL: |  1  2  3  4  5  6  7  8  9 10 11 12 13 14 15 16 17 18 19 20 21 22 23 24 |
---------------+-------------------------------------------------------------------------+-----
Axes           | 5 6 7 8 10 11 14 16 17 18 19 20 21 22 | 22.6
Fighting       | 5 7 9 10 11 12 13 15 16 17 18 19 20 21 23 | 23.6
Armour         | 2 6 8 9 10 11 12 13 14 15 16 17 18 19 | 19.5
Dodging        | 3 5 7 8 9 10 11 12 13 14 15 16 | 16.3
Invocations    | 2 6 8 9 10 | 10.5
Shields        | 3 5 7 10 12 13 14 15 16 17 18 | 18.6
Stealth        | |  1.5

Action                   |  1- 3 |  4- 6 |  7- 9 | 10-12 | 13-15 | 16-18 | 19-21 | 22-24 || total
-------------------------+-------+-------+-------+-------+-------+-------+-------+-------++-------
Melee: Hand axe          |   118 |    99 |   183 |   325 |    12 |    25 |       |       ||   762
       Broad axe         |       |       |       |   225 |   903 |  1041 |  1102 |  1312 ||  4583
Invok: Convert to Beogh  |       |       |       |     1 |       |       |       |       ||     1
       Recall Orcish Fol |       |       |       |     2 |    20 |    23 |    15 |    17 ||    77
       Give Item to Name |       |       |       |       |     5 |       |     4 |       ||     9
       Stop Recall       |       |       |       |       |     1 |       |       |       ||     1
       Smiting           |       |       |       |       |       |       |     4 |       ||     4
Evoke: Wand              |       |       |       |       |       |       |       |     3 ||     3
  Use: Potion            |     2 |       |       |     1 |     1 |    10 |     8 |    14 ||    36
       Scroll            |       |       |    17 |    13 |     9 |    10 |     8 |    35 ||    92
 Stab: Sleeping          |     5 |       |       |       |       |       |       |       ||     5
       Distracted        |       |       |       |     1 |    15 |     6 |    14 |    14 ||    50
       Invisible         |       |       |       |       |       |    26 |       |       ||    26
       Paralysed         |       |       |       |       |       |       |       |     3 ||     3
  Eat: Chunk             |     3 |     4 |     1 |    16 |    12 |     5 |     1 |     1 ||    43
       Bread ration      |       |       |     2 |       |       |       |       |     1 ||     3
       Meat ration       |       |       |       |     3 |     4 |     5 |     6 |     7 ||    25
       Royal jelly       |       |       |       |       |     1 |       |       |     5 ||     6
Armor: Robe              |    18 |       |       |       |       |       |       |       ||    18
       Skin              |     6 |       |       |       |       |       |       |       ||     6
       Chain mail        |       |    49 |    51 |   292 |   140 |       |       |       ||   532
       Plate armour      |       |       |       |       |   159 |   345 |   313 |   366 ||  1183
       Storm dragon scal |       |       |       |       |       |       |       |    44 ||    44
Dodge: Dodged            |    83 |    21 |    32 |   210 |   181 |   487 |   371 |   433 ||  1818
Block: Shield            |       |       |       |    37 |   534 |  1096 |   897 |  1052 ||  3616
       Reflection        |       |       |       |       |    28 |    60 |    94 |    36 ||   218
       Other             |       |       |       |       |       |       |     1 |       ||     1
